 Dungeon Crawl Stone Soup version 0.32-a0-306-gfed3edf829 (webtiles) character file.

Game seed: 1862019614951395437

2351 Newt the Spear-Bearer (level 9, -2/74 HPs)
             Began as a Merfolk Gladiator on Feb 14, 2024.
             Engulfed by a steam dragon's steam (5 damage)
             ... on level 6 of the Dungeon.
             The game lasted 00:08:50 (6228 turns).

Newt the Spear-Bearer (Merfolk Gladiator)           Turns: 6228, Time: 00:08:51

Health: -2/74      AC:  6    Str: 18    XL:     9   Next: 43%
Magic:  9/9        EV: 12    Int: 13    God:
Gold:   313        SH: 19    Dex: 15    Spells: 8/8 levels left

rFire   . . .        a - +0 trident
rCold   . . .        w - +0 tower shield
rNeg    + . .        b - +0 leather armour
rPois   .            c - +0 helmet
rElec   .            (no cloak)
rCorr   .            z - +0 pair of gloves "Umar" {Will+ Int+5}
SInv    .            B - +0 pair of boots
Will    +....        f - amulet of reflection
Stlth   +            t - ring of positive energy
HPRegen 0.32/turn    (no ring)
MPRegen 0.11/turn

%: reflection
@: studying Hexes
A: (nimble swimmer 2), mertail
a: no special abilities


You were on level 6 of the Dungeon.
You visited 1 branch of the dungeon, and saw 6 of its levels.

You collected 373 gold pieces.
You spent 60 gold pieces at shops.

Inventory:

Hand Weapons
 a - a +0 trident (weapon)
Missiles
 u - 4 boomerangs (quivered)
 x - 3 poisoned darts
Armour
 b - a +0 leather armour (worn)
 c - a +0 helmet (worn)
 g - a +3 ring mail of cold resistance
 w - a +0 tower shield (worn)
 z - the +0 pair of gloves "Umar" (worn) {Will+ Int+5}
   (You found it on level 5 of the Dungeon)

   Int+5:     It affects your intelligence (+5).
   Will+:     It increases your willpower.
 B - a +0 pair of boots (worn)
Jewellery
 f - an amulet of reflection (around neck)
 t - a ring of positive energy (left hand)
Wands
 o - a wand of polymorph (10)
 A - a wand of charming (13)
Scrolls
 j - 2 scrolls of identify
 n - a scroll of fear
 r - 3 scrolls of amnesia
 v - a scroll of blinking
 y - a scroll of fog
Potions
 i - a potion of curing {unknown}
 l - a potion of mutation {unknown}
 m - 3 potions of enlightenment
 q - a potion of attraction {unknown}
 s - a potion of invisibility {unknown}


   Skills:
 + Level 8.1 Fighting
 - Level 8.1 Polearms
 - Level 2.0 Throwing
 - Level 7.0 Dodging
 - Level 5.1 Shields
 * Level 6.8 Hexes


You had 8 spell levels left.
You didn't know any spells.
Your spell library contained the following spells:

 Spells                   Type           Power      Damage    Failure   Level
 Tukima's Dance           Hex            17%        N/A       45%         3
 Sting                    Conj/Alch      0%         1d3       96%         1
 Call Imp                 Summ           0%         N/A       99%         2
 Lesser Beckoning         Tloc           0%         N/A       99%         2
 Mercury Vapours          Alch/Air       0%         N/A       99%         2
 Sublimation of Blood     Necr           0%         N/A       99%         2
 Gell's Gravitas          Tloc           0%         N/A       100%        3
 Teleport Other           Tloc           0%         N/A       100%        3
 Dimensional Bullseye     Hex/Tloc       4%         N/A       100%        4
 Iskenderun's Mystic Bla  Conj/Tloc      0%         2d3       100%        4
 Olgreb's Toxic Radiance  Alch           0%         N/A       100%        4
 Summon Hydra             Summ           0%         N/A       100%        7


Dungeon Overview and Level Annotations

Branches:
Dungeon (6/15)
 Temple: D:4-7

Altars:
Qazlal
Ru

Shops:
D:1 *!   D:2 !


Innate Abilities, Weirdness & Mutations

((You are very nimble when in or above water. (Stealth+, EV+, Speed+++)))
Your lower body shifts to a powerful aquatic tail in water.


Message History

A steam dragon comes into view.
The steam dragon hisses angrily.
You hear an angry hiss.
An adder comes into view.
The steam dragon breathes steam at you. The ball of steam hits you!
You reach to attack!
You hit the steam dragon.
The steam dragon is lightly wounded.
You are engulfed in a cloud of scalding steam.
You hit the steam dragon.
The steam dragon is lightly wounded.
You are engulfed in a cloud of scalding steam.
The steam dragon breathes steam at you. The ball of steam hits you!!
You are too injured to fight recklessly!
You are too injured to fight recklessly!
You are too injured to fight recklessly!
You are too injured to fight recklessly!
Unknown command.
You puncture the steam dragon!
The steam dragon is heavily wounded.
You are engulfed in a cloud of scalding steam.
* * * LOW HITPOINT WARNING * * *
The adder is engulfed in a cloud of scalding steam.
You block the steam dragon's attack. The steam dragon misses you.
The adder is engulfed in a cloud of scalding steam.
The steam dragon barely misses you. You block the steam dragon's attack.
Unknown command.
You puncture the steam dragon!
The steam dragon is almost dead.
The steam dragon breathes steam at you. The ball of steam hits you!!
* * * LOW HITPOINT WARNING * * *
Unknown command.
Unknown command.
Okay, then.
As you read the scroll of fear, it crumbles to dust.
You assume a fearsome visage.
The steam dragon looks frightened!
The adder looks frightened!
You are engulfed in a cloud of scalding steam.
You die...

........#
........#
........#
........#
.....§§§#
.....§..#
......§§#
#######.#
#@# #D#
#S# #.#
#.# #.#
#.. #.#


You could see a steam dragon (fleeing) and an adder (fleeing).

Vanquished Creatures
  Prince Ribbit (D:6)
  A water moccasin (D:6)
  2 black bears
  An ice beast (D:6)
  2 centaurs
  A phantom (D:5)
  A kobold brigand (D:4)
  A bullfrog (D:6)
  3 scorpions (D:5)
  4 wights (D:6)
  A bombardier beetle (D:5)
  4 hounds
  A jelly (D:5)
  2 orc priests (D:3)
  A gnoll bouda (D:4)
  3 sleepcaps
  Ijyb (D:4)
  6 iguanas
  4 orc wizards
  9 adders
  13 gnolls
  4 dart slugs
  A ribbon worm (D:2)
  13 orcs
  4 endoplasms
  A giant cockroach (D:1)
  7 goblins
  9 hobgoblins
  4 jackals (D:1)
  3 quokkas
  5 ball pythons
  9 bats
  3 frilled lizards
  5 kobolds
  6 rats
  A spectral hobgoblin (D:1)
137 creatures vanquished.

Notes
Turn   | Place    | Note
-------+----------+-------------------------------------------
     0 | D:1      | Newt the Merfolk Gladiator began the quest for the Orb.
     0 | D:1      | Reached XP level 1. HP: 16/16 MP: 1/1
    14 | D:1      | Noticed a minotaur skeleton
    37 | D:1      | Found Iraczyo's Distillery.
    91 | D:1      | Reached XP level 2. HP: 23/23 MP: 2/2
   106 | D:1      | Found Atzack's General Store.
   260 | D:1      | Reached skill level 5 in Polearms
   262 | D:1      | Reached XP level 3. HP: 28/28 MP: 3/3
   284 | D:1      | Found a faded altar of an unknown god.
   713 | D:2      | Reached XP level 4. HP: 35/35 MP: 4/4
   992 | D:2      | Found Tytrofei's Distillery.
   997 | D:2      | Bought a potion of heal wounds for 60 gold pieces
  1399 | D:3      | You fall into a shaft and drop 1 floor!
  1442 | D:4      | Reached XP level 5. HP: 32/42 MP: 5/5
  1530 | D:4      | Noticed Ijyb
  1558 | D:4      | Killed Ijyb
  1808 | D:4      | Noticed a black bear
  1828 | D:4      | Killed a black bear
  1829 | D:4      | Reached XP level 6. HP: 9/49 MP: 6/6
  2593 | D:3      | Found a stormy altar of Qazlal.
  3081 | D:4      | Reached skill level 5 in Fighting
  3081 | D:4      | Reached skill level 5 in Dodging
  3081 | D:4      | Reached XP level 7. HP: 51/56 MP: 7/7
  3215 | D:5      | Entered Level 5 of the Dungeon
  4086 | D:5      | Reached skill level 1 in Shields
  4086 | D:5      | Reached XP level 8. HP: 55/64 MP: 8/8
  4497 | D:5      | Found a sacrificial altar of Ru.
  5257 | D:5      | Identified the +0 pair of gloves "Umar" {Will+ Int+5}
  5570 | D:6      | Reached skill level 5 in Shields
  5584 | D:6      | Reached skill level 1 in Hexes
  5721 | D:6      | Noticed Prince Ribbit
  5744 | D:6      | Killed Prince Ribbit
  5745 | D:6      | Reached XP level 9. HP: 38/72 MP: 9/9
  5791 | D:6      | Reached skill level 5 in Hexes
  6227 | D:6      | HP: 3/74 [steam dragon/ball of steam (19)]
  6228 | D:6      | Engulfed by a steam dragon's steam

Illustrated notes

Levels and vault maps discovered:
D:1:      shiori_arrival_whats_in_store_for_you, layout_basic,
          dreamdust_ecumenical_altar_drowned_temple, serial_shops, shop, shop
D:2:      layout_loops_ring, serial_shops, nicolae_shop_hallway_stairs
D:3:      layout_rooms, nicolae_qazlal_scattered_showers, minivault_19,
          serial_park_tiny_pond, chequers_jeans
D:4:      layout_basic, serial_curves, eino_curves_03, eino_curves_02, uniq_ijyb
D:5:      layout_basic, lemuel_coloured_pillars_altar, minmay_manual_mail
D:6:      layout_basic, minmay_temple_entry_fiery, uniq_prince_ribbit1,
          uniq_crazy_yiuf_cottage

Skill      XL: |  1  2  3  4  5  6  7  8  9 |
---------------+----------------------------+-----
Polearms       | 5 6 7 8 |  8.1
Fighting       | 3 4 5 7 8 |  8.1
Dodging        | 5 7 |  7.0
Shields        | 1 5 |  5.1
Hexes          | 4 6 |  6.8
Throwing       | |  2.0

Action                     |  1- 3 |  4- 6 |  7- 9 || total
---------------------------+-------+-------+-------++-------
  Melee: Trident           |    80 |   197 |   386 ||   663
  Throw: Throwing net      |       |     3 |     3 ||     6
         Javelin           |       |       |     3 ||     3
         Boomerang         |       |       |     7 ||     7
  Evoke: Wand              |       |       |     1 ||     1
    Use: Scroll            |       |     4 |     3 ||     7
         Potion            |       |       |     4 ||     4
   Stab: Sleeping          |       |     7 |     1 ||     8
         Held in net/web   |       |     1 |     2 ||     3
 Armour: Leather armour    |    32 |    64 |   156 ||   252
  Dodge: Dodged            |    44 |    86 |   152 ||   282
  Block: Other             |     9 |    37 |    39 ||    85
         Reflection        |     1 |       |     4 ||     5
         Tower shield      |       |       |   168 ||   168

Table legend: (Time is in decaauts)
 A = Elapsed time spent in this place.
 B = Non-inter-level travel time spent in this place.
 C = Inter-level travel time spent in this place.
 D = Time resting spent in this place.
 E = Time spent auto-exploring this place.
 F = Levels seen in this place.
 G = Mean time per level.
                   A        B        C        D        E       F      G
               +--------+--------+--------+--------+--------+-----+--------+
         Total |   6222 |   6035 |    187 |   1747 |   3073 |   6 | 1037.0 |
       Dungeon |   6222 |   6035 |    187 |   1747 |   3073 |   6 | 1037.0 |
               +--------+--------+--------+--------+--------+-----+--------+

Top non-repeatable levels by time:
     D:5: 1905 daAuts
     D:4: 1626 daAuts
     D:6: 848 daAuts
     D:2: 672 daAuts
     D:1: 629 daAuts
     D:3: 539 daAuts
